 Dungeon Crawl Stone Soup version 0.21-a0-321-g91e3373 (webtiles) character file.

5217 tidbits the Infuser (level 10, 0/77 HPs)
             Began as a Gnoll Skald on Sept 30, 2017.
             Was a Follower of Cheibriados.
             Slain by stickyfingers's ghost (19 damage)
             ... on level 11 of the Dungeon.
             The game lasted 00:22:50 (3103 turns).

tidbits the Infuser (Gnoll Skald)                   Turns: 3103, Time: 00:22:50

Health: 0/77       AC:  6    Str: 18    XL:     10   Next: 61%
Magic:  30/30      EV: 15    Int: 21    God:    Cheibriados [*.....]
Gold:   368        SH:  0    Dex: 17    Spells: 12/23 levels left

rFire    + . .     SeeInvis .   y - +0 whip (elec)
rCold    + . .     Gourm    .   (no shield)
rNeg     . . .     Faith    .   B - +0 ring mail
rPois    .         Spirit   .   (no helmet)
rElec    .         Reflect  .   n - scarf {rC+ rF+}
rCorr    .         Harm     +   (no gloves)
MR       .....                  (no boots)
Stlth    ++........             e - amulet of harm
HPRegen  0.22/turn              g - ring of magical power
MPRegen  0.22/turn              (no ring)

@: very slow
A: distributed training, fangs 1, strong nose
a: Bend Time, Renounce Religion


You were on level 11 of the Dungeon.
You worshipped Cheibriados.
Cheibriados was aware of your devotion.
You were hungry.

You visited 2 branches of the dungeon, and saw 13 of its levels.
You also visited: Sewer.

You collected 368 gold pieces.

Inventory:

Hand Weapons
 a - a +0 falchion
 x - a +0 blowgun
 y - a +0 whip of electrocution (weapon)
   (You took it off an orc on level 4 of the Dungeon)
 A - a +0 rapier of venom
   (You took it off Duvessa on level 5 of the Dungeon)
 G - a +2 whip of freezing
   (You took it off Pikel on level 5 of the Dungeon)
 P - a +0 scimitar of flaming
   (You took it off Erica on level 9 of the Dungeon)
Missiles
 p - 81 arrows
 H - 4 needles of confusion
 I - 5 tomahawks of returning (quivered)
 K - 2 tomahawks
 N - 5 curare-tipped needles
Armour
 b - a +0 leather armour
 m - a cursed +0 robe
 n - a scarf of resistance (worn)
   (You found it on level 2 of the Dungeon)
 B - a +0 ring mail (worn)
 C - a scarf of repulsion
   (You found it on level 1 of the Dungeon)
Jewellery
 e - an amulet of harm (around neck)
   (You found it on level 1 of the Dungeon)
 g - a ring of magical power (left hand)
   (You found it on level 1 of the Dungeon)
Wands
 Q - a wand of flame (28/48)
 S - a wand of lightning (8/15)
Scrolls
 i - 3 scrolls of teleportation
 o - a scroll of noise {unknown}
 r - 5 scrolls of remove curse
 s - 2 scrolls of amnesia {unknown}
 J - a scroll of recharging {unknown}
 L - a scroll of acquirement {unknown}
 M - a scroll of blinking {unknown}
 T - a scroll of summoning {unknown}
Potions
 f - a potion of invisibility
 h - 3 potions of agility
 k - a potion of haste {unknown}
 l - a potion of mutation {unknown}
 q - 2 potions of magic {unknown}
 t - 3 potions of curing
 u - 2 potions of lignification {unknown}
 v - a potion of might {unknown}
 w - 7 potions of heal wounds
 z - 2 potions of flight {unknown}
 F - a potion of cancellation {unknown}
Books
 c - a book of Battle

   Spells                             Type                      Level
   a - Infusion                       Charms                       1
   b - Shroud of Golubria             Charms/Translocation         2
   c - Song of Slaying                Charms                       2
   d - Spectral Weapon                Hexes/Charms                 3
   e - Regeneration                   Charms/Necromancy            3
 D - a book of Air
   (You found it on level 5 of the Dungeon)

   Spells                             Type                      Level
   a - Shock                          Conjuration/Air              1
   b - Swiftness                      Charms/Air                   2
   c - Static Discharge               Conjuration/Air              3
   d - Airstrike                      Air                          4
   e - Lightning Bolt                 Conjuration/Air              5
Miscellaneous
 R - a lightning rod (3/4)
Comestibles
 d - 7 bread rations
 j - 3 royal jellies
 E - 4 meat rations
 O - a chunk of flesh


   Skills:
 + Level 6.8 Fighting
 + Level 5.0 Short Blades
 + Level 6.5 Long Blades
 + Level 5.3 Axes
 + Level 5.1 Maces & Flails
 + Level 5.3 Polearms
 + Level 5.3 Staves
 + Level 5.3 Slings
 + Level 5.1 Bows
 + Level 5.4 Crossbows
 + Level 5.9 Throwing
 + Level 5.1 Armour
 + Level 7.1 Dodging
 + Level 4.8 Stealth
   Level 0.0 Stabbing
 + Level 5.7 Shields
   Level 0.0 Traps
 + Level 4.8 Unarmed Combat
 + Level 7.4 Spellcasting
 + Level 5.3 Conjurations
 + Level 5.4 Hexes
 + Level 8.6 Charms
 + Level 5.8 Summonings
 + Level 4.4 Necromancy
 + Level 5.1 Translocations
 + Level 5.1 Transmutations
 + Level 4.5 Fire Magic
 + Level 5.7 Ice Magic
 + Level 5.0 Air Magic
 + Level 4.8 Earth Magic
 + Level 5.1 Poison Magic
 + Level 5.0 Invocations
 + Level 5.5 Evocations


You had 12 spell levels left.
You knew the following spells:

 Your Spells              Type           Power        Failure   Level  Hunger
g - Shroud of Golubria    Chrm/Tloc      #####.....   1%          2    None
i - Infusion              Chrm           ####         1%          1    None
r - Regeneration          Chrm/Necr      #####.....   2%          3    None
s - Song of Slaying       Chrm           #####...     1%          2    None
w - Spectral Weapon       Hex/Chrm       #####...     2%          3    None


Dungeon Overview and Level Annotations

Branches:
Dungeon (12/15)            Temple (1/1) D:6            Lair (0/6) D:11
    Orc: D:9-12

Altars:
Cheibriados
Fedhas
Nemelex Xobeh
Qazlal
Ru
Sif Muna
Uskayaw
Wu Jian
Xom
The Shining One

Shops:
D:7 (

Annotations:
D:11 stickyfingers's ghost, journeyman FoAr


Innate Abilities, Weirdness & Mutations

Your experience applies equally to all skills.
You have very sharp teeth.
Your uncanny sense of smell can sniff out nearby items.


Message History

Casting: Regeneration
Confirm with . or Enter, or press ? or * to list all spells.
Space distorts slightly along a thin shroud covering your body.
The death yak gores you.
Casting: Shroud of Golubria
Confirm with . or Enter, or press ? or * to list all spells.
You draw out your weapon's spirit!
Your skin stops crawling.
The death yak closely misses you.
You barely miss the death yak.
The death yak is lightly wounded.
Your spectral weapon hits the death yak.
The death yak completely misses you.
You barely miss the death yak.
The death yak is lightly wounded.
Your spectral weapon hits the death yak.
The death yak misses you.
You hit the death yak but do no damage.
The death yak is lightly wounded.
Your spectral weapon hits the death yak.
Your shroud bends the death yak's attack away!
You hit the death yak but do no damage.
The death yak is lightly wounded.
Your spectral weapon hits the death yak.
Stickyfingers's ghost (journeyman Formicid Artificer) comes into view.
It is wielding a vampiric weapon.
Press: ? - help, v - describe, . - travel
Here: stickyfingers's ghost, wielding a vampiric weapon The floor.
You hit the death yak but do no damage.
The death yak is moderately wounded.
Your spectral weapon barely misses the death yak.
The death yak closely misses you.
You are feeling hungry.
You hit the death yak.
Lightning courses through the death yak!
The death yak is heavily wounded.
Your spectral weapon hits the death yak but does no damage.
Your shroud bends the death yak's attack away.
You hit the death yak.
The death yak is heavily wounded.
Your spectral weapon hits the death yak.
The death yak closely misses you.
You hit the death yak but do no damage. Your bite misses the death yak.
The death yak is heavily wounded.
Your spectral weapon hits the death yak but does no damage.
The death yak closely misses you.
You barely miss the death yak.
The death yak is heavily wounded.
Your spectral weapon hits the death yak.
Lightning courses through the death yak!
The death yak gores your spectral weapon.
Your spectral weapon shares its damage with you!
You completely miss the death yak.
The death yak is almost dead.
Your spectral weapon completely misses the death yak.
Stickyfingers's ghost completely misses you.
You hit the death yak but do no damage.
The death yak is almost dead.
Your spectral weapon hits the death yak but does no damage.
Lightning courses through the death yak!
You kill the death yak!
Cheibriados appreciates the change of pace.
Your Short Blades skill increases to level 5!
Your Air Magic skill increases to level 5!
Your Invocations skill increases to level 5!
Stickyfingers's ghost hits you!
You closely miss stickyfingers's ghost.
You bite stickyfingers's ghost, but do no damage.
Your spectral weapon hits stickyfingers's ghost.
You hit stickyfingers's ghost but do no damage.
Stickyfingers's ghost is lightly damaged.
Your spectral weapon hits stickyfingers's ghost but does no damage.
Stickyfingers's ghost hits you.
Your shroud falls apart!
You hit stickyfingers's ghost.
Stickyfingers's ghost is lightly damaged.
Your spectral weapon hits stickyfingers's ghost but does no damage.
Stickyfingers's ghost hits you!!
* * * LOW HITPOINT WARNING * * *
Stickyfingers's ghost misses you.
Stickyfingers's ghost misses your spectral weapon.
Stickyfingers's ghost screams, "They lied to you.
The Dungeon just goes down and down forever."
Stickyfingers's ghost hits your spectral weapon!!
Your spectral weapon shares its damage with you!
Your spectral weapon fades away.
* * * LOW HITPOINT WARNING * * *
Stickyfingers's ghost screams, "You must not fail where I succeeded!"
There is an open door here.
Press: ? - help, v - describe, . - travel
Here: stickyfingers's ghost, wielding a vampiric weapon (lightly damaged)
An open door.
Stickyfingers's ghost hits you.
* * * LOW HITPOINT WARNING * * *
Press: ? - help, v - describe, . - travel
Here: stickyfingers's ghost, wielding a vampiric weapon (lightly damaged)
The floor.
Unknown command.
Stickyfingers's ghost closely misses you.
Stickyfingers's ghost hits you!
You die...

#..........#
####.####### #.#
#.# ###.# #.#.#
## #..# #.###.#
#.#.@## #..>W.##
####......#
..........##
.....
.#####.#.########
.....
#.....(.....
#....
###.########
..... ##'## ....
##...##


You could see stickyfingers's ghost.

Vanquished Creatures
  Erica (D:9)
  A death yak (D:11)
  Pikel (D:5)
  2 centaur skeletons
  2 hippogriffs
  Eustachio (D:4)
  2 hungry ghosts
  A soldier ant (D:11)
  Duvessa (D:5)
  A slave (D:5)
  3 ice beasts
  An ogre (D:4)
  A centaur (D:7)
  3 bullfrogs
  4 big kobolds (Sewer)
  Dowan (D:5)
  A water moccasin skeleton (D:6)
  2 scorpions
  A bullfrog zombie (D:6)
  5 crimson imps
  A centaur zombie (D:9)
  4 bullfrog skeletons
  4 jellies
  3 orc priests
  3 hounds
  3 iguanas
  6 orc wizards
  A worker ant (D:9)
  A hound skeleton (D:7)
  8 adders
  5 gnolls
  3 shadow imps
  An ooze (Sewer)
  3 adder skeletons
  2 worms
  3 leopard geckos
  12 orcs
  4 bats
  3 giant cockroaches
  5 goblins
  17 jackals
  16 kobolds
  2 quokkas
  2 ball pythons
  5 frilled lizards
  A jackal zombie (D:6)
  A leopard gecko zombie (D:5)
  2 quokka skeletons
  7 rats
163 creatures vanquished.

Vanquished Creatures (others)
  An orc (D:5)
  A spectral weapon (D:11)
2 creatures vanquished.

Grand Total: 165 creatures vanquished

Notes
Turn   | Place    | Note
-------+----------+-------------------------------------------
     0 | D:1      | tidbits the Gnoll Skald began the quest for the Orb.
     0 | D:1      | Reached XP level 1. HP: 20/20 MP: 6/6
    28 | D:1      | Reached skill level 1 in Bows
    28 | D:1      | Reached skill level 5 in Spellcasting
    28 | D:1      | Reached XP level 2. HP: 13/26 MP: 4/8
    37 | D:1      | Learned a level 2 spell: Song of Slaying
    40 | D:1      | Learned a level 2 spell: Shroud of Golubria
    76 | D:1      | Reached skill level 1 in Crossbows
   143 | D:1      | Reached skill level 1 in Earth Magic
   192 | D:1      | Reached XP level 3. HP: 25/31 MP: 7/9
   253 | D:1      | Learned a level 3 spell: Regeneration
   257 | D:1      | Learned a level 3 spell: Spectral Weapon
   355 | D:2      | Found a hide-covered altar of Uskayaw.
   359 | D:2      | Reached skill level 1 in Conjurations
   494 | D:3      | Reached skill level 1 in Maces & Flails
   501 | D:3      | Reached skill level 1 in Staves
   501 | D:3      | Reached skill level 1 in Air Magic
   505 | D:3      | Reached skill level 2 in Conjurations
   505 | D:3      | Reached XP level 4. HP: 20/38 MP: 11/11
   508 | D:3      | Reached skill level 1 in Slings
   508 | D:3      | Reached skill level 1 in Transmutations
   615 | D:4      | Reached skill level 1 in Ice Magic
   616 | D:4      | Found a glowing drain.
   670 | Sewer    | Entered a sewer
   681 | Sewer    | Reached skill level 2 in Staves
   681 | Sewer    | Reached skill level 1 in Throwing
   715 | Sewer    | Noticed a big kobold
   720 | Sewer    | Killed a big kobold
   720 | Sewer    | Reached skill level 1 in Axes
   720 | Sewer    | Reached skill level 1 in Polearms
   720 | Sewer    | Reached skill level 2 in Bows
   720 | Sewer    | Reached skill level 5 in Dodging
   720 | Sewer    | Reached skill level 1 in Shields
   720 | Sewer    | Reached skill level 1 in Translocations
   720 | Sewer    | Reached skill level 1 in Fire Magic
   720 | Sewer    | Reached XP level 5. HP: 40/43 MP: 12/12
   762 | Sewer    | Reached skill level 2 in Maces & Flails
   762 | Sewer    | Reached skill level 2 in Crossbows
   762 | Sewer    | Reached skill level 2 in Air Magic
   807 | Sewer    | Reached skill level 2 in Ice Magic
   824 | Sewer    | Noticed a big kobold
   829 | Sewer    | Killed a big kobold
   829 | Sewer    | Reached skill level 1 in Short Blades
   829 | Sewer    | Reached skill level 5 in Long Blades
   829 | Sewer    | Reached skill level 2 in Shields
   829 | Sewer    | Reached skill level 1 in Unarmed Combat
   829 | Sewer    | Reached skill level 1 in Hexes
   829 | Sewer    | Reached skill level 1 in Summonings
   829 | Sewer    | Reached skill level 1 in Invocations
   829 | Sewer    | Reached skill level 1 in Evocations
   829 | Sewer    | Reached XP level 6. HP: 44/49 MP: 13/13
   876 | Sewer    | Reached skill level 1 in Poison Magic
   880 | Sewer    | Reached skill level 2 in Polearms
   880 | Sewer    | Reached skill level 1 in Stealth
   880 | Sewer    | Reached skill level 2 in Summonings
   880 | Sewer    | Reached skill level 2 in Invocations
   887 | Sewer    | Reached skill level 2 in Throwing
   887 | Sewer    | Reached skill level 2 in Translocations
   887 | Sewer    | Reached skill level 2 in Transmutations
   887 | Sewer    | Reached skill level 2 in Earth Magic
   931 | D:4      | Reached skill level 2 in Short Blades
   939 | D:4      | Reached skill level 2 in Slings
   939 | D:4      | Reached skill level 2 in Poison Magic
   939 | D:4      | Reached XP level 7. HP: 37/55 MP: 15/15
  1089 | D:4      | Found a glowing golden altar of the Shining One.
  1189 | D:5      | Entered Level 5 of the Dungeon
  1199 | D:4      | Reached skill level 2 in Axes
  1199 | D:4      | Reached skill level 2 in Unarmed Combat
  1199 | D:4      | Reached skill level 3 in Conjurations
  1202 | D:4      | Reached skill level 3 in Maces & Flails
  1202 | D:4      | Reached skill level 7 in Charms
  1202 | D:4      | Reached skill level 1 in Necromancy
  1202 | D:4      | Reached skill level 2 in Evocations
  1205 | D:4      | Reached skill level 5 in Fighting
  1225 | D:4      | Noticed Eustachio
  1240 | D:4      | Killed Eustachio
  1240 | D:4      | Reached skill level 3 in Throwing
  1240 | D:4      | Reached skill level 2 in Stealth
  1240 | D:4      | Reached skill level 6 in Spellcasting
  1240 | D:4      | Reached skill level 3 in Translocations
  1240 | D:4      | Reached skill level 3 in Earth Magic
  1240 | D:4      | Reached skill level 3 in Poison Magic
  1259 | D:5      | Reached skill level 3 in Crossbows
  1259 | D:5      | Reached skill level 3 in Unarmed Combat
  1259 | D:5      | Reached skill level 2 in Hexes
  1259 | D:5      | Reached skill level 3 in Summonings
  1259 | D:5      | Reached skill level 2 in Fire Magic
  1259 | D:5      | Reached skill level 3 in Ice Magic
  1259 | D:5      | Reached skill level 3 in Evocations
  1259 | D:5      | Reached XP level 8. HP: 29/62 MP: 17/17
  1271 | D:5      | Reached skill level 3 in Invocations
  1414 | D:5      | Reached skill level 3 in Transmutations
  1416 | D:5      | Noticed Pikel
  1424 | D:5      | Killed Pikel
  1424 | D:5      | Reached skill level 3 in Short Blades
  1424 | D:5      | Reached skill level 3 in Axes
  1424 | D:5      | Reached skill level 3 in Polearms
  1424 | D:5      | Reached skill level 3 in Staves
  1424 | D:5      | Reached skill level 3 in Slings
  1424 | D:5      | Reached skill level 3 in Bows
  1424 | D:5      | Reached skill level 3 in Armour
  1424 | D:5      | Reached skill level 3 in Shields
  1424 | D:5      | Reached skill level 4 in Conjurations
  1424 | D:5      | Reached skill level 2 in Necromancy
  1424 | D:5      | Reached skill level 3 in Air Magic
  1496 | D:5      | Noticed Duvessa
  1497 | D:5      | Noticed Dowan
  1504 | D:5      | Killed Duvessa
  1504 | D:5      | Reached skill level 6 in Dodging
  1504 | D:5      | Reached skill level 3 in Stealth
  1504 | D:5      | Reached skill level 4 in Unarmed Combat
  1504 | D:5      | Reached skill level 4 in Summonings
  1504 | D:5      | Reached skill level 3 in Fire Magic
  1506 | D:5      | Killed Dowan
  1506 | D:5      | Reached skill level 4 in Crossbows
  1506 | D:5      | Reached skill level 4 in Ice Magic
  1551 | D:6      | Reached XP level 9. HP: 68/68 MP: 18/18
  1554 | D:6      | Reached skill level 4 in Staves
  1590 | D:6      | Reached skill level 4 in Throwing
  1590 | D:6      | Reached skill level 4 in Earth Magic
  1602 | D:6      | Reached skill level 4 in Polearms
  1607 | D:6      | Reached skill level 4 in Shields
  1607 | D:6      | Reached skill level 3 in Hexes
  1651 | D:6      | Reached skill level 4 in Translocations
  1651 | D:6      | Reached skill level 4 in Fire Magic
  1651 | D:6      | Reached skill level 4 in Evocations
  1754 | D:6      | Reached skill level 4 in Air Magic
  1851 | D:6      | Reached skill level 4 in Maces & Flails
  1851 | D:6      | Reached skill level 8 in Charms
  1981 | D:7      | Found Oxisykic's Weapon Shop.
  2000 | D:7      | Found a sparkling altar of Nemelex Xobeh.
  2012 | D:7      | Reached skill level 4 in Poison Magic
  2129 | D:7      | Found a blossoming altar of Fedhas.
  2140 | D:7      | Reached skill level 6 in Long Blades
  2140 | D:7      | Reached skill level 4 in Slings
  2140 | D:7      | Reached skill level 3 in Necromancy
  2261 | D:6      | Found a deep blue altar of Sif Muna.
  2298 | D:6      | Reached skill level 4 in Stealth
  2351 | D:6      | Found a staircase to the Ecumenical Temple.
  2365 | Temple   | Entered the Ecumenical Temple
  2373 | Temple   | Became a worshipper of Cheibriados the Contemplative
  2441 | D:7      | Reached skill level 4 in Invocations
  2444 | D:7      | Reached skill level 4 in Short Blades
  2444 | D:7      | Reached skill level 4 in Hexes
  2599 | D:9      | Reached skill level 4 in Axes
  2599 | D:9      | Reached skill level 4 in Bows
  2608 | D:9      | Reached skill level 5 in Summonings
  2639 | D:9      | Reached * piety under Cheibriados
  2655 | D:9      | Reached skill level 6 in Fighting
  2658 | D:9      | Noticed Erica
  2662 | D:9      | Reached skill level 4 in Transmutations
  2667 | D:9      | Reached skill level 5 in Ice Magic
  2679 | D:9      | Killed Erica
  2679 | D:9      | Reached skill level 5 in Staves
  2679 | D:9      | Reached skill level 5 in Crossbows
  2679 | D:9      | Reached skill level 5 in Throwing
  2679 | D:9      | Reached skill level 4 in Armour
  2679 | D:9      | Reached skill level 7 in Dodging
  2679 | D:9      | Reached skill level 5 in Shields
  2679 | D:9      | Reached skill level 5 in Conjurations
  2679 | D:9      | Reached skill level 4 in Necromancy
  2679 | D:9      | Reached skill level 5 in Evocations
  2679 | D:9      | Reached XP level 10. HP: 49/76 MP: 20/20
  2681 | D:9      | Reached skill level 5 in Hexes
  2682 | D:9      | Reached skill level 5 in Maces & Flails
  2723 | D:9      | Reached skill level 7 in Spellcasting
  2756 | D:9      | Found a sacrificial altar of Ru.
  2800 | D:9      | Reached skill level 5 in Poison Magic
  2844 | D:10     | Entered Level 10 of the Dungeon
  2912 | D:10     | Reached skill level 5 in Axes
  2912 | D:10     | Reached skill level 5 in Polearms
  2912 | D:10     | Reached skill level 5 in Armour
  3006 | D:11     | Reached skill level 5 in Slings
  3006 | D:11     | Reached skill level 5 in Bows
  3006 | D:11     | Reached skill level 5 in Transmutations
  3040 | D:12     | Reached skill level 5 in Translocations
  3066 | D:11     | Noticed a death yak
  3067 | D:11     | Noticed a death yak
  3067 | D:11     | Found a staircase to the Lair.
  3082 | D:11     | Noticed stickyfingers's ghost (journeyman FoAr)
  3088 | D:11     | Killed a death yak
  3088 | D:11     | Reached skill level 5 in Short Blades
  3088 | D:11     | Reached skill level 5 in Air Magic
  3088 | D:11     | Reached skill level 5 in Invocations
  3103 | D:11     | Slain by stickyfingers's ghost

Vault maps used:
D:1:      eino_arrival_tree_alley
D:2:      nicolae_overflow_crystal_walls, gammafunk_temple_overflow_pools
D:3:      nicolae_dithmenos_shadow_blocks, uniq_sigmund
D:4:      marbit_many_paths, nicolae_gozag_cash_rules_everything_around_me,
          cheibrodos_sewer_entry_drain, uniq_eustachio
D:5:      makhleb_blood_cavern_becter, kennysheep_vampire_church, first_bread,
          uniq_pikel, uniq_duvessa
D:6:      kennysheep_mini_moat, minmay_temple_entry_statues_pillars
D:7:      nemelex_xobeh_ov_fountains_minmay, lemuel_doored_altar, serial_shops,
          shop
D:8:      hangedman_pestilent_swarm, minmay_unpleasant_kobolds
D:9:      nicolae_ru_great_annihilating_truth, evilmike_ruin_ashenzari,
          uniq_erica
D:10:     basic_altar
D:11:     dpeg_lair_monsters, hiddenorc1_lemuel, kennysheep_small_circle
D:12:     special_room, minmay_misc_feat_nine_boxes
Temple:   dpeg_three_leaves_temple
Sewer:    kennysheep_pipe_town

Skill      XL: |  1  2  3  4  5  6  7  8  9 10 |
---------------+-------------------------------+-----
Bows           | 1 2 3 4 5 |  5.1
Spellcasting   | 5 6 7 |  7.4
Crossbows      | 1 2 3 4 5 |  5.4
Earth Magic    | 1 2 3 4 |  4.8
Conjurations   | 2 3 4 5 |  5.3
Maces & Flails | 1 2 3 4 5 |  5.1
Staves         | 1 2 3 5 |  5.3
Air Magic      | 1 2 3 4 5 |  5.0
Slings         | 1 2 3 4 5 |  5.3
Transmutations | 1 2 3 4 5 |  5.1
Ice Magic      | 1 2 3 4 5 |  5.7
Throwing       | 1 2 3 5 |  5.9
Axes           | 1 2 3 4 5 |  5.3
Polearms       | 1 2 3 4 5 |  5.3
Dodging        | 5 6 7 |  7.1
Shields        | 1 2 3 5 |  5.7
Translocations | 1 2 3 4 5 |  5.1
Fire Magic     | 1 2 3 4 |  4.5
Short Blades   | 1 2 3 4 5 |  5.0
Long Blades    | 5 6 |  6.5
Unarmed Combat | 1 3 4 |  4.8
Hexes          | 1 2 4 5 |  5.4
Summonings     | 1 2 3 4 5 |  5.8
Invocations    | 1 2 3 4 5 |  5.0
Evocations     | 1 3 5 |  5.5
Poison Magic   | 2 3 4 5 |  5.1
Stealth        | 1 2 3 4 |  4.8
Charms         | 7 8 |  8.6
Necromancy     | 1 2 4 |  4.4
Fighting       | 5 6 |  6.8
Armour         | 3 4 5 |  5.1

Action                   |  1- 3 |  4- 6 |  7- 9 | 10-12 || total
-------------------------+-------+-------+-------+-------++-------
Melee: Falchion          |    49 |    64 |       |       ||   113
       Bite              |     4 |    10 |    30 |     6 ||    50
       Whip              |       |     6 |   247 |    70 ||   323
       Punch             |       |     1 |     2 |     1 ||     4
Throw: Tomahawk          |       |       |     4 |       ||     4
 Cast: Infusion          |     9 |     3 |     1 |       ||    13
       Shroud of Golubri |     3 |     3 |     8 |     2 ||    16
       Spectral Weapon   |       |     8 |    30 |    11 ||    49
       Regeneration      |       |     3 |     7 |     3 ||    13
Evoke: Lightning rod     |       |       |       |     1 ||     1
  Use: Scroll            |       |     1 |     3 |     1 ||     5
       Potion            |       |       |     1 |       ||     1
 Stab: Distracted        |       |       |     1 |       ||     1
       Sleeping          |       |       |     2 |       ||     2
       Paralysed         |       |       |       |     1 ||     1
  Eat: Chunk             |       |       |     7 |     2 ||     9
       Royal jelly       |       |       |     1 |       ||     1
Armor: Leather armour    |     5 |       |       |       ||     5
       Ring mail         |     4 |    20 |    70 |    15 ||   109
Dodge: Dodged            |    39 |    47 |   172 |    40 ||   298
       Deflected         |     1 |       |       |       ||     1
       Rpst.: Falchion   |    12 |    18 |       |       ||    30

Table legend:
 A = Spawn XP
 B = Non-spawn XP
 C = Spawn XP percentage of total XP
 D = Spawn monster count
 E = Non-spawn monster count
 F = Spawn count percentage of total count
 G = Total turns spent on level
                    A         B        C        D         E        F      G
               +---------+---------+-------+---------+---------+-------+---------
         Total |       0 |    7453 |   0.0 |       0 |     163 |   0.0 |  3103
               +---------+---------+-------+---------+---------+-------+---------
           D:1 |       0 |      39 |   0.0 |       0 |      16 |   0.0 |   306
           D:2 |       0 |       8 |   0.0 |       0 |       4 |   0.0 |   179
           D:3 |       0 |      77 |   0.0 |       0 |      13 |   0.0 |   146
           D:4 |       0 |     611 |   0.0 |       0 |      17 |   0.0 |   366
           D:5 |       0 |    1173 |   0.0 |       0 |      12 |   0.0 |   332
           D:6 |       0 |     956 |   0.0 |       0 |      30 |   0.0 |   583
           D:7 |       0 |     311 |   0.0 |       0 |      11 |   0.0 |   357
           D:8 |       0 |      58 |   0.0 |       0 |       5 |   0.0 |    71
           D:9 |       0 |    2140 |   0.0 |       0 |      24 |   0.0 |   253
          D:10 |       0 |     591 |   0.0 |       0 |       2 |   0.0 |    59
          D:11 |       0 |    1033 |   0.0 |       0 |       4 |   0.0 |   174
          D:12 |       0 |      39 |   0.0 |       0 |       1 |   0.0 |    26
         Sewer |       0 |     417 |   0.0 |       0 |      24 |   0.0 |   234
               +---------+---------+-------+---------+---------+-------+---------

Table legend:
 A = Turns spent in this place as a percentage of turns spent in the entire game.
 B = Non-inter-level travel turns spent in this place as a percentage of non-inter-level travel turns spent in the entire game.
 C = Inter-level travel turns spent in this place as a percentage of turns spent in this place.
 D = Turns resting spent in this place as a percentage of non-inter-level travel turns spent in this place.
 E = Turns spent auto-exploring this place as a percentage of non-inter-level travel turns spent in this place.
 F = Non-inter-level travel turns spent in this place divided by the number of levels of this place that you've seen.
                   A       B       C       D       E      F
               +-------+-------+-------+-------+-------+----------------------
         Total | 100.0 | 100.0 |   3.7 |   0.0 |   0.0 | 213.5
       Dungeon |  91.9 |  91.6 |   4.0 |   0.0 |   0.0 | 228.2
        Temple |   0.5 |   0.6 |   0.0 |   0.0 |   0.0 |  17.0
         Sewer |   7.5 |   7.8 |   0.0 |   0.0 |   0.0 | 234.0
               +-------+-------+-------+-------+-------+----------------------

Table legend:
 A = Kills in this place as a percentage of kills in entire the game.
 B = Kills by you in this place as a percentage of kills by you in the entire game.
 C = Kills by friends in this place as a percentage of kills by friends in the entire game.
 D = Other kills in this place as a percentage of other kills in the entire game.
 E = Experience gained in this place as a percentage of experience gained in the entire game.
 F = Experience gained in this place divided by the number of levels of this place that you have seen.
                   A       B       C       D       E      F
               +-------+-------+-------+-------+-------+----------------------
         Total | 100.0 | 100.0 |   N/A | 100.0 | 100.0 | 532.4
       Dungeon |  85.3 |  85.2 |   N/A | 100.0 |  94.4 | 586.3
         Sewer |  14.7 |  14.8 |   N/A |   0.0 |   5.6 | 417.0
               +-------+-------+-------+-------+-------+----------------------

Vault maps used:
D:1:      eino_arrival_tree_alley
D:2:      nicolae_overflow_crystal_walls, gammafunk_temple_overflow_pools
D:3:      nicolae_dithmenos_shadow_blocks, uniq_sigmund
D:4:      marbit_many_paths, nicolae_gozag_cash_rules_everything_around_me,
          cheibrodos_sewer_entry_drain, uniq_eustachio
D:5:      makhleb_blood_cavern_becter, kennysheep_vampire_church, first_bread,
          uniq_pikel, uniq_duvessa
D:6:      kennysheep_mini_moat, minmay_temple_entry_statues_pillars
D:7:      nemelex_xobeh_ov_fountains_minmay, lemuel_doored_altar, serial_shops,
          shop
D:8:      hangedman_pestilent_swarm, minmay_unpleasant_kobolds
D:9:      nicolae_ru_great_annihilating_truth, evilmike_ruin_ashenzari,
          uniq_erica
D:10:     basic_altar
D:11:     dpeg_lair_monsters, hiddenorc1_lemuel, kennysheep_small_circle
D:12:     special_room, minmay_misc_feat_nine_boxes
Temple:   dpeg_three_leaves_temple
Sewer:    kennysheep_pipe_town
